 Dungeon Crawl Stone Soup version 0.18.1-6-gd335043 (webtiles) character file.

6039 inmateoo the Cleaver (level 10, -1/91 HPs)
             Began as a Minotaur Gladiator on May 19, 2016.
             Slain by a large abomination (29 damage)
             ... on level 3 of the Abyss.
             The game lasted 00:14:55 (10450 turns).

inmateoo the Cleaver (Minotaur Gladiator)          Turns: 10450, Time: 00:14:56

Health: -1/91      AC: 15    Str: 22    XL:     10   Next: 56%
Magic:  9/9        EV: 10    Int:  1    God:
Gold:   181        SH:  0    Dex: 16    Spells: 0 memorised, 9 levels left

rFire  . . .     SeeInvis +     a - +1 war axe
rCold  . . .     Gourm    .     A - +1 chain mail "Myheis" {+Inv}
rNeg   . . .     Faith    .     (no shield)
rPois  +         Spirit   .     c - +0 hat
rElec  +         Dismiss  .     o - +1 cloak
rCorr  .         Reflect  .     E - +0 pair of gloves
SustAt .         Harm     .     (no boots)
MR     .....                    (no amulet)
Stlth  ..........               p - +4 ring of dexterity
                                C - ring "Nyteh" {*Contam rElec rPois SInv}

@: about to teleport, very slightly contaminated, invisible, not resistant to
hostile enchantments, extremely unstealthy
A: retaliatory headbutt, horns 2, dopey 2
a: no special abilities


You were on level 3 of the Abyss.
You were near starving.

You visited 2 branches of the dungeon, and saw 10 of its levels.
You visited the Abyss 1 time.

You collected 475 gold pieces.
You spent 294 gold pieces at shops.

Inventory:

Hand Weapons
 a - a +1 war axe (weapon)
 q - a +1 mace of crushing
 w - a +0 dagger of electrocution
 x - a +0 battleaxe
Missiles
 d - 3 throwing nets (quivered)
Armour
 c - a +0 hat (worn)
 m - a +1 leather armour of fire resistance
 o - a +1 cloak (worn)
 A - the +1 chain mail "Myheis" (worn) {+Inv}
   (You bought it in a shop on level 6 of the Dungeon)

   It lets you turn invisible.
 E - a +0 pair of gloves (worn)
Jewellery
 p - a +4 ring of dexterity (right hand)
 C - the ring "Nyteh" (left hand) {*Contam rElec rPois SInv}
   (You found it on level 6 of the Dungeon)

   [ring of poison resistance]

   It insulates you from electricity.
   It protects you from poison.
   It lets you see invisible.
   It causes magical contamination when unequipped.
Wands
 n - a wand of slowing (19/48)
 z - a wand of acid (4/15)
 J - a wand of teleportation (4/9)
 M - a wand of flame (9/48)
Scrolls
 h - a scroll of remove curse
 l - 2 scrolls of teleportation
 v - a scroll of identify
 F - 3 scrolls of enchant armour
Potions
 g - a potion of curing
 i - a potion of brilliance
 I - a potion of flight
Books
 s - a book of Enchantments

   Spells                             Type                      Level
   a - Cause Fear                     Hexes                        4
   b - Yara's Violent Unravelling     Hexes/Transmutation          5
   c - Silence                        Hexes/Air                    5
   d - Deflect Missiles               Charms/Air                   6
   e - Haste                          Charms                       6
   f - Discord                        Hexes                        8
 y - a book of Frost

   Spells                             Type                      Level
   a - Freeze                         Ice                          1
   b - Throw Frost                    Conjuration/Ice              2
   c - Ozocubu's Armour               Charms/Ice                   3
   d - Throw Icicle                   Conjuration/Ice              4
   e - Summon Ice Beast               Ice/Summoning                4
Comestibles
 f - 4 bread rations
 k - 4 beef jerkies
 t - 26 fruits
 u - 3 meat rations


   Skills:
 + Level 9.1 Fighting
 * Level 14.3 Axes
 - Level 2.0 Throwing
 + Level 8.7 Armour
 - Level 3.3 Dodging


You had 9 spell levels left.
You didn't know any spells.

Dungeon Overview and Level Annotations

Branches:
Dungeon (9/15)             Temple (1/1) D:5            Lair (0/8) D:8
    Orc: D:9-12

Altars:
Elyvilon
Fedhas
Nemelex Xobeh
Qazlal
Ru
Vehumet

Shops:
D:4 %   D:6 [   D:8 *

Annotations:
D:9 Joseph


Innate Abilities, Weirdness & Mutations

You reflexively headbutt those who attack you in melee.
You have a pair of horns on your head.
[You are very dopey. (Int -4)]


Message History

The large abomination hits you but does no damage.
Unknown command.
You're too confused!
Unknown command.
Drink which item? (? for menu, Esc to quit)
You feel better.
You feel less invigorated.
The hell hound bites you but does no damage.
The wretched star pulses with an eldritch light!
You feel stupid. x2
The hell hound twists and deforms. x2; The hell hound closely misses you.
You furiously retaliate!
You headbutt the hell hound. The large abomination misses you.
Read which item? (? for menu, Esc to quit)
As you read the scroll of teleportation, it crumbles to dust.
You feel strangely unstable.
You feel the power of the Abyss delaying your translocation!
You hear a screech!
The hell hound breathes flames at you. The blast of flame hits you!
The large abomination hits you!!
You die...

# . #
.###
# .
.. .
# .#
#. .#
X
##X#
# #@#
#.#h#
# h*#
.
#..#
##.#
##. .
.


You could see a wretched star, a large abomination and 2 hell hounds.

Vanquished Creatures
  Erolcha (D:8)
  Pikel (D:4)
  The ghost of stauk the Magician, a novice KoCj (D:5)
  Grinder (D:5)
  A large abomination (Abyss:3)
  A ynoxinul (Abyss:2)
  2 hippogriffs
  Menkaure (D:6)
  2 hell hounds (Abyss:3)
  6 orc warriors
  A sky beast (D:6)
  3 ice beasts
  2 phantoms
  A black bear (D:9)
  2 ogres
  2 centaurs
  2 big kobolds (D:8)
  5 giant frogs
  4 scorpions
  4 jellies
  2 howler monkeys
  4 crimson imps
  3 hounds
  8 orc priests
  A gnoll shaman (D:8)
  A centaur skeleton (D:8)
  9 orc wizards
  An iguana (D:5)
  8 worker ants
  2 hound zombies
  Robin (D:2)
  7 gnolls
  12 adders
  A shadow imp (D:6)
  An ooze (D:3)
  2 adder skeletons
  7 worms
  A dart slug (D:1)
  A giant gecko (D:7)
  27 orcs
  3 ball pythons
  4 giant cockroaches
  12 goblins
  16 hobgoblins
  2 jackals (D:4)
  14 kobolds
  3 quokkas
  7 bats
  5 giant newts
  6 rats
214 creatures vanquished.

Notes
Turn   | Place    | Note
--------------------------------------------------------------
     0 | D:1      | inmateoo the Minotaur Gladiator began the quest for the Orb.
     0 | D:1      | Reached XP level 1. HP: 18/18 MP: 0/0
   192 | D:1      | Reached skill level 4 in Axes
   192 | D:1      | Reached XP level 2. HP: 20/25 MP: 1/1
   899 | D:2      | Reached skill level 5 in Axes
   899 | D:2      | Reached XP level 3. HP: 21/30 MP: 2/2
  1379 | D:2      | Noticed Robin
  1849 | D:2      | Killed Robin
  1849 | D:2      | Reached XP level 4. HP: 34/37 MP: 3/3
  2260 | D:2      | Reached skill level 6 in Axes
  2978 | D:3      | Reached XP level 5. HP: 40/44 MP: 4/4
  3164 | D:3      | Found a sparkling altar of Nemelex Xobeh.
  3378 | D:4      | Found a white marble altar of Elyvilon.
  3384 | D:4      | Reached skill level 7 in Axes
  3386 | D:4      | Found Yleuline's Food Boutique.
  3681 | D:4      | Reached skill level 8 in Axes
  3681 | D:4      | Reached XP level 6. HP: 50/50 MP: 5/5
  3726 | D:4      | Found a blossoming altar of Fedhas.
  3730 | D:4      | Found a stormy altar of Qazlal.
  3840 | D:4      | Reached skill level 1 in Armour
  4187 | D:5      | Entered Level 5 of the Dungeon
  4196 | D:5      | Reached XP level 7. HP: 53/58 MP: 6/6
  4344 | D:5      | Found a staircase to the Ecumenical Temple.
  4389 | D:5      | Reached skill level 9 in Axes
  4473 | D:5      | Noticed stauk's ghost (novice KoCj)
  4514 | Temple   | Entered the Ecumenical Temple
  4665 | D:5      | Noticed Grinder
  4665 | D:5      | Paralysed by Grinder for 6 turns
  5530 | D:5      | Noticed Pikel
  5534 | D:5      | Reached XP level 8. HP: 58/67 MP: 7/7
  5697 | D:4      | Killed Pikel
  5697 | D:4      | Reached skill level 5 in Fighting
  5697 | D:4      | Reached skill level 10 in Axes
  5697 | D:4      | Reached skill level 5 in Armour
  5878 | D:5      | Killed stauk's ghost
  5972 | D:4      | Reached skill level 11 in Axes
  5999 | D:5      | Killed Grinder
  6485 | D:5      | Reached XP level 9. HP: 28/78 MP: 8/8
  6904 | D:6      | Found Ymejo's Antique Armour Emporium.
  6907 | D:6      | Bought a slimy chain mail for 266 gold pieces
  6917 | D:6      | Identified the +1 chain mail "Myheis" {+Inv} (You bought it in a shop on level 6 of the Dungeon)
  7090 | D:6      | Reached skill level 12 in Axes
  7165 | D:6      | Noticed Menkaure
  7173 | D:6      | Killed Menkaure
  7259 | D:6      | Got a wavering wooden ring
  7657 | D:7      | Identified the ring "Nyteh" {*Contam rElec rPois SInv} (You found it on level 6 of the Dungeon)
  8118 | D:7      | Found a sacrificial altar of Ru.
  8120 | D:7      | Found a radiant altar of Vehumet.
  8746 | D:8      | Reached skill level 13 in Axes
  8876 | D:8      | Noticed Erolcha
  8882 | D:8      | Paralysed by Erolcha for 4 turns
  8898 | D:8      | Killed Erolcha
  8898 | D:8      | Reached XP level 10. HP: 49/90 MP: 9/9
  9102 | D:8      | Found a staircase to the Lair.
  9276 | D:8      | Found Kuagent's General Store.
  9287 | D:8      | Bought a scroll of identify for 28 gold pieces
 10000 | D:8      | Reached skill level 14 in Axes
 10219 | D:9      | Noticed Joseph
 10243 | D:9      | Cast into level 2 of the Abyss (Joseph)
 10283 | Abyss:2  | Noticed a rakshasa
 10302 | Abyss:3  | Found a burning altar of Makhleb.
 10437 | Abyss:3  | Noticed a large abomination
 10446 | Abyss:3  | Noticed a wretched star
 10450 | Abyss:3  | Slain by a large abomination

Skill      XL: |  1  2  3  4  5  6  7  8  9 10 |
---------------+-------------------------------+-----
Axes           | 4 5 6 8 9 11 13 14 | 14.3
Fighting       | 3 4 6 8 9 |  9.1
Armour         | 2 3 5 7 8 |  8.7
Throwing       | |  2.0
Dodging        | |  3.3

Action                   |  1- 3 |  4- 6 |  7- 9 | 10-12 || total
-------------------------+-------+-------+-------+-------++-------
Melee: War axe           |    76 |   156 |   276 |   117 ||   625
       Headbutt          |    12 |    21 |    61 |    22 ||   116
  Use: Scroll            |       |     6 |     2 |    12 ||    20
       Potion            |       |       |     3 |     5 ||     8
 Stab: Sleeping          |       |     1 |       |       ||     1
       Invisible         |       |       |     1 |     5 ||     6
       Distracted        |       |       |       |     1 ||     1
  Eat: Chunk             |     3 |     7 |    14 |     3 ||    27
       Pizza             |       |       |     1 |       ||     1
       Fruit             |       |       |     1 |       ||     1
Armor: Leather armour    |    18 |    39 |       |       ||    57
       Chain mail        |       |    20 |    74 |    74 ||   168
       Plate armour      |       |       |    42 |       ||    42
       Skin              |       |       |       |     4 ||     4
Dodge: Dodged            |    61 |    93 |    79 |    48 ||   281
